 Dungeon Crawl Stone Soup version 0.31-a0-965-g8a8ce12e04 (webtiles) character file.

Game seed: 14712880141251692513

207 Ge0ff the Chiller (level 5, -5/40 HPs)
             Began as a Ghoul Ice Elementalist on Oct 26, 2023.
             Killed from afar by a charred statue (6 damage)
             ... with a puff of flame
             ... on level 4 of the Dungeon.
             The game lasted 00:06:16 (3599 turns).

Ge0ff the Chiller (Ghoul Ice Elementalist)          Turns: 3599, Time: 00:06:17

Health: -5/40      AC:  3    Str: 12    XL:     5   Next: 85%
Magic:  8/8        EV: 12    Int: 12    God:
Gold:   108        SH:  0    Dex:  9    Spells: 6/10 levels left

rFire   . . .        (no weapon)
rCold   + . .        (no shield)
rNeg    + + +        a - +0 robe
rPois   ∞            (no helmet)
rElec   .            (no cloak)
rCorr   .            W - +0 pair of gloves
SInv    .            (no boots)
Will    .....        (no amulet)
Stlth   ++           (no ring)
HPRegen 0.00/turn    (no ring)
MPRegen 0.11/turn

%: no passive effects
@: inhibited regen
A: claws 1, cold resistance 1, negative energy resistance 3, inhibited
regeneration, torment resistance 2, devour on kill
a: no special abilities


You were on level 4 of the Dungeon.
You visited 1 branch of the dungeon, and saw 4 of its levels.

You collected 108 gold pieces.

Inventory:

Missiles
 L - 2 poisoned darts
 N - 33 stones
Armour
 a - a +0 robe (worn)
 P - a +0 helmet
 W - a +0 pair of gloves (worn)
Scrolls
 H - a scroll of fear {unknown}
 I - a scroll of fog {unknown}
 J - 4 scrolls of identify {unknown}
 O - 3 scrolls of vulnerability {unknown}
 Q - 2 scrolls of teleportation {unknown}
 T - 2 scrolls of amnesia {unknown}
 U - a scroll of blinking {unknown}
 V - a scroll of enchant weapon {unknown}
 Y - a scroll of revelation {unknown}
Potions
 K - 2 potions of magic {!q}
 M - 2 potions of degeneration {unknown}
 R - a potion of resistance {unknown}
 S - a potion of lignification {unknown}
 X - a potion of curing {unknown}
 Z - 2 potions of enlightenment {unknown}


   Skills:
 - Level 1.0 Fighting
 - Level 1.7 Dodging
 - Level 2.1 Stealth
 - Level 3.0 Spellcasting
 * Level 6.7 Ice Magic


You had 6 spell levels left.
You knew the following spells:

 Your Spells              Type           Power      Damage    Failure   Level
k - Freeze                Ice            68%        1d8       1%          1
s - Frozen Ramparts       Ice            34%        1d6       4%          3

Your spell library contained the following spells:

 Spells                   Type           Power      Damage    Failure   Level
 Ozocubu's Armour         Ice            17%        N/A       4%          3
 Magic Dart               Conj           4%         1d3       24%         1
 Call Imp                 Summ           2%         N/A       36%         2
 Searing Ray              Conj           2%         2d4       36%         2
 Summon Ice Beast         Ice/Summ       9%         N/A       52%         4
 Mephitic Cloud           Conj/Pois/Air  1%         N/A       58%         3
 Animate Armour           Summ/Erth      2%         N/A       94%         4
 Fulminant Prism          Conj/Hex       0%         3d5       94%         4
 Summon Lightning Spire   Summ/Air       1%         N/A       94%         4
 Lee's Rapid Deconstruct  Erth           0%         3d4*      100%        5


Dungeon Overview and Level Annotations

Branches:
Dungeon (4/15) Zot: 20400
 Temple: D:4-7

Altars:
Cheibriados
Makhleb
Vehumet
Yredelemnul

Annotations:
D:2 Terence
D:4 exclusion: statue


Innate Abilities, Weirdness & Mutations

You are immune to poison.
You have sharp fingernails.
Your flesh is cold resistant. (rC+)
You are immune to negative energy. (rN+++)
You do not regenerate when monsters are visible.
You are immune to unholy pain and torment.
You thrive by killing the living.


Message History

A charred statue comes into view.
Found a radiant altar of Vehumet.
Marking area around a charred statue as unsafe for travelling.
The charred statue gestures at you. The puff of flame misses you.
The charred statue gestures at you. The puff of flame hits you.
There is a radiant altar of Vehumet here.
The charred statue gestures at you. The puff of flame misses you.
You hit the charred statue but do no damage.
The charred statue gestures at you. The puff of flame hits you.
You hit the charred statue but do no damage.
The charred statue gestures at you. The puff of flame hits you.
You hit the charred statue but do no damage.
You completely miss the charred statue. The charred statue gestures at you.
The puff of flame hits you!
You hit the charred statue but do no damage.
You hit the charred statue but do no damage.
You hit the charred statue but do no damage.
You hit the charred statue but do no damage.
You hit the charred statue but do no damage.
You hit the charred statue.
The charred statue is lightly damaged.
You hit the charred statue but do no damage.
The charred statue is lightly damaged.
You hit the charred statue but do no damage.
You hit the charred statue but do no damage.
You hit the charred statue but do no damage.
The charred statue gestures at you. The puff of flame hits you.
You hit the charred statue but do no damage.
The charred statue gestures at you. The puff of flame misses you.
You hit the charred statue but do no damage.
The charred statue gestures at you. The puff of flame hits you!
* * * LOW HITPOINT WARNING * * *
There is a radiant altar of Vehumet here.
You see here a scroll labelled UHU ENONAVVOB.
O - 3 scrolls labelled UHU ENONAVVOB (gained 1)
The charred statue gestures at you. The puff of flame hits you!
* * * LOW HITPOINT WARNING * * *
The charred statue gestures at you. The puff of flame hits you.
You die...

### ..# #########.##
#......@#..#
#.8._......#
#.......#..#
#########..########.
.................
.......#.########
.....###..## .....
##..# ##
##.#.#####.# ...


You could see a charred statue.

Vanquished Creatures
  A sleepcap (D:4)
  2 orc wizards (D:3)
  5 adders
  A worm (D:3)
  6 dart slugs
  2 orcs (D:3)
  6 bats
  6 endoplasms
  2 giant cockroaches
  3 goblins
  9 hobgoblins
  4 quokkas
  7 ball pythons
  4 frilled lizards
  5 kobolds
  2 rats
65 creatures vanquished.

Notes
Turn   | Place    | Note
-------+----------+-------------------------------------------
     0 | D:1      | Ge0ff the Ghoul Ice Elementalist began the quest for the
                  | Orb.
     0 | D:1      | Reached XP level 1. HP: 14/14 MP: 2/2
     2 | D:1      | Noticed a ghoul
     4 | D:1      | Noticed a merfolk
     4 | D:1      | Noticed an elf
     6 | D:1      | Noticed a minotaur
     8 | D:1      | Noticed a demigod
     8 | D:1      | Noticed a formicid
    10 | D:1      | Noticed a vine stalker
    10 | D:1      | Noticed a meteoran
    12 | D:1      | Noticed a tengu
    12 | D:1      | Noticed a draconian
    14 | D:1      | Noticed a felid
    16 | D:1      | Noticed an armataur
    16 | D:1      | Noticed a human
    18 | D:1      | Noticed a vampire
    18 | D:1      | Noticed a gargoyle
    20 | D:1      | Noticed an ogre
    20 | D:1      | Noticed a spriggan
    22 | D:1      | Noticed an octopode
    22 | D:1      | Noticed a troll
    24 | D:1      | Noticed a merfolk
    24 | D:1      | Noticed a naga
    26 | D:1      | Noticed a spriggan
    26 | D:1      | Noticed a spriggan
   381 | D:1      | Reached XP level 2. HP: 19/22 MP: 0/3
   826 | D:1      | Reached skill level 1 in Fighting
  1188 | D:1      | Reached XP level 3. HP: 28/28 MP: 3/5
  1252 | D:1      | Reached skill level 5 in Ice Magic
  1562 | D:2      | Found a faded altar of an unknown god.
  1640 | D:2      | Learned a level 3 spell: Frozen Ramparts
  1774 | D:2      | Noticed Terence
  2069 | D:3      | Reached XP level 4. HP: 35/35 MP: 3/6
  2100 | D:3      | Found a snail-covered altar of Cheibriados.
  2220 | D:3      | Found a burning altar of Makhleb.
  2401 | D:3      | Found a basalt altar of Yredelemnul.
  2965 | D:3      | Reached skill level 6 in Ice Magic
  2965 | D:3      | Reached XP level 5. HP: 31/40 MP: 1/8
  3572 | D:4      | Found a radiant altar of Vehumet.
  3572 | D:4      | Noticed a charred statue
  3598 | D:4      | HP: 1/40 [charred statue/puff of flame (9)]
  3599 | D:4      | Killed from afar by a charred statue

Illustrated notes

Levels and vault maps discovered:
D:1:      kb_arrival_jail, layout_basic, minmay_indecisive_spiral
D:2:      layout_rooms, hellmonk_ecumenical_altar_leap_of_faith, uniq_terence
D:3:      layout_basic, mainiacjoe_overflow_alcove_4, bloody_makhleb,
          mainiacjoe_overflow_catwalk
D:4:      layout_rooms, vehumet_statue, nicolae_concentric_dashed_squares_wild,
          kennysheep_path_1

Skill      XL: |  1  2  3  4  5 |
---------------+----------------+-----
Spellcasting   | 2 3 |  3.0
Fighting       | 1 |  1.0
Ice Magic      | 5 6 |  6.7
Dodging        | |  1.7
Stealth        | |  2.1

Action                     |  1- 3 |  4- 6 || total
---------------------------+-------+-------++-------
  Melee: Unarmed           |    62 |    49 ||   111
         Punch             |       |     1 ||     1
   Cast: Freeze            |    48 |    36 ||    84
         Frozen Ramparts   |       |     7 ||     7
   Stab: Sleeping          |     1 |     2 ||     3
 Armour: Robe              |    48 |    46 ||    94
  Dodge: Dodged            |    58 |    33 ||    91

Table legend: (Time is in decaauts)
 A = Elapsed time spent in this place.
 B = Non-inter-level travel time spent in this place.
 C = Inter-level travel time spent in this place.
 D = Time resting spent in this place.
 E = Time spent auto-exploring this place.
 F = Levels seen in this place.
 G = Mean time per level.
                   A        B        C        D        E       F      G
               +--------+--------+--------+--------+--------+-----+--------+
         Total |   3598 |   3496 |    102 |    268 |   2559 |   4 |  899.5 |
       Dungeon |   3598 |   3496 |    102 |    268 |   2559 |   4 |  899.5 |
               +--------+--------+--------+--------+--------+-----+--------+

Top non-repeatable levels by time:
     D:1: 1363 daAuts
     D:3: 1290 daAuts
     D:2: 680 daAuts
     D:4: 264 daAuts
